 Dungeon Crawl Stone Soup version 0.29.1-1-gd02db6906a (webtiles) character file.

Game seed: 10715814365229373562

3476 Acheron the Covered (level 9, -6/74 HPs)
             Began as a Minotaur Enchanter on Sept 24, 2022.
             Was a Follower of Nemelex Xobeh.
             Mangled by an orc warrior
             ... wielding a +0 flail
             ... led by an orc knight
              (19 damage)
             ... on level 1 of the Orcish Mines.
             The game lasted 00:42:27 (8131 turns).

Acheron the Covered (Minotaur Enchanter)            Turns: 8131, Time: 00:42:28

Health: -6/74      AC: 13    Str: 19    XL:     9   Next: 79%
Magic:  10/10      EV: 13    Int: 12    God:    Nemelex Xobeh [*.....]
Gold:   794        SH:  0    Dex: 15    Spells: 10/11 levels left

rFire   . . .      SeeInvis +   c - +2 war axe (flame)
rCold   . . .      Faith    .   (no shield)
rNeg    . . .      Spirit   .   v - +0 swamp dragon scales
rPois   +          Reflect  .   (helmet restricted)
rElec   .          Harm     .   l - +2 cloak
rCorr   .          Rampage  .   e - +0 pair of gloves
Will    .....                   (no boots)
Stlth   ++........              (no amulet)
HPRegen 0.22/turn               i - +6 ring of strength
MPRegen 0.12/turn               m - ring of see invisible

@: hasted, very quick
A: horns 2, retaliatory headbutt
a: Renounce Religion, Draw Escape, Draw Destruction, Draw Summoning


You were on level 1 of the Orcish Mines.
You worshipped Nemelex Xobeh.
Nemelex Xobeh was aware of your devotion.
You visited 3 branches of the dungeon, and saw 14 of its levels.
You also visited: Bailey.

You collected 794 gold pieces.

Inventory:

Hand Weapons
 a - a +2 dagger of protection
 c - a +2 war axe of flaming (weapon)
 g - the +7 mace "Taqiarath" {vorpal, *Rage Fly rF+ Str+2}
   (You found it on level 2 of the Dungeon)

   It inflicts extra damage upon your enemies.
   Str:       It affects your strength (+2).
   rF:        It protects you from fire.
   Fly:       It grants you flight.
   *Rage:     It berserks you when you make melee attacks (+20% chance).
 w - a +2 hand axe of electrocution
 x - a +2 vorpal hand axe
 A - a +3 dagger of freezing
 B - a +0 war axe
 G - a +1 falchion of holy wrath
 H - a +3 falchion of freezing
Missiles
 b - 2 poisoned darts
 j - 30 boomerangs (quivered)
 D - a throwing net
Armour
 e - a +0 pair of gloves (worn)
 l - a +2 cloak (worn)
 s - a +1 plate armour of cold resistance
 v - +0 swamp dragon scales (worn)
 C - +0 steam dragon scales
Jewellery
 i - a +6 ring of strength (left hand)
 m - a ring of see invisible (right hand)
 r - a ring of wizardry
Wands
 F - a wand of paralysis (8)
 I - a wand of mindburst (9)
Scrolls
 p - a scroll of fog
 t - a scroll of amnesia
 y - 2 scrolls of magic mapping
 J - a scroll of teleportation
Potions
 d - a potion of curing
 f - a potion of resistance {unknown}
 h - 2 potions of brilliance {unknown}
 k - 5 potions of might
 n - a potion of haste
 o - 2 potions of lignification
 q - a potion of magic {unknown}
 u - 2 potions of mutation {unknown}
 z - 2 potions of cancellation {unknown}
 E - a potion of flight


   Skills:
 * Level 5.4 Fighting
 - Level 3.1 Short Blades
 * Level 5.3(6.3) Axes
 + Level 5.2(6.2) Maces & Flails
 * Level 3.8 Throwing
 * Level 6.5 Armour
 * Level 6.3 Dodging
 * Level 5.2 Stealth
 + Level 1.7 Spellcasting
 + Level 2.1 Hexes
 + Level 2.3 Transmutations
 * Level 2.1 Invocations
 * Level 0.3 Evocations


You had 10 spell levels left.
You knew the following spells:

 Your Spells              Type           Power      Damage    Failure   Level
a - Beastly Appendage     Tmut           12%        N/A       17%         1

Your spell library contained the following spells:

 Spells                   Type           Power      Damage    Failure   Level
 Wereblood                Tmut           6%         N/A       26%         2
 Passwall                 Tmut/Erth      2%         N/A       38%         2
 Ensorcelled Hibernation  Hex/Ice        6%         N/A       41%         2
 Confusing Touch          Hex            6%         N/A       50%         3
 Tukima's Dance           Hex            6%         N/A       50%         3
 Spider Form              Tmut/Pois      3%         N/A       63%         3
 Dazzling Flash           Conj/Hex       6%         N/A       65%         3
 Swiftness                Air            1%         N/A       80%         3
 Airstrike                Air            0%         2d(1-17)  99%         4
 Summon Lightning Spire   Summ/Air       1%         N/A       99%         4
 Lightning Bolt           Conj/Air       0%         1d11      100%        5


Dungeon Overview and Level Annotations

Branches:
Dungeon (11/15)            Temple (1/1) D:7             Orc (2/2) D:10
 Bailey (visited)
   Lair: D:8-11         Elf: Orc:2

Altars:
Ashenzari
Cheibriados
Dithmenos
Fedhas
Gozag
Hepliaklqana
Kikubaaqudgha
Nemelex Xobeh
Okawaru
Qazlal
Ru
Sif Muna
Trog
Uskayaw
Vehumet
Xom
Yredelemnul
Zin
The Shining One

Shops:
D:6 *

Annotations:
D:2 exclusion: downstairs
D:7 exclusion: downstairs


Innate Abilities, Weirdness & Mutations

You have a pair of horns on your head.
You reflexively headbutt those who attack you in melee.


Message History

An ogre comes into view. It is wielding a +0 giant club.
The ogre shouts!
The troll shouts!
A troll comes into view.
Okay, then.
There is a stone staircase leading down here.
You climb downwards.
The orc shouts!
The orc warrior shouts!
The orc priest shouts! x2
The orc shouts!
You hear a shout! x8; The orc warrior shouts! x2
There is a stone staircase leading up here.
The orc shouts!
You hear a shout!
The orc warrior misses you.
The orc knight roars a battlecry!
The orcs go into a battle-frenzy!
The orc priest invokes the aid of Beogh against you.
Beogh smites you!
You hear a shout!
You climb upwards.
The ogre closely misses you.
There is a stone staircase leading down here.
You slash the orc! You burn the orc.
You kill the orc!
You hit the ogre. You burn the ogre.
You hit the orc warrior but do no damage.
The orc warrior closely misses you. The ogre barely misses you.
You hit the ogre but do no damage. You headbutt the ogre.
The ogre is moderately wounded.
You closely miss the orc warrior.
The orc warrior hits you with a +0 flail!!
You slash the ogre! You burn the ogre. You headbutt the ogre.
You kill the ogre!
You hit the orc warrior. You burn the orc warrior.
The orc warrior barely misses you.
You hit the orc warrior but do no damage.
The orc warrior is moderately wounded.
The orc warrior hits you with a +0 flail!!
* * * LOW HITPOINT WARNING * * *
You feel yourself speed up.
The orc warrior hits you with a +0 flail!!
You die...
Your body disappears without a glow.

.#... #.O...#####
...o.## #....##
....#..######...#####
#.......##.###.####.##
##......#...#...##...#
#............#......##
##.#............#...#
#....$.<#.T)...###.##
.#........@)....####
..#......o......##
.......$.........#
.....$......###.##
...........## ###
...........#
#......#....
.......#.##. ...#..


You could see a troll and an orc warrior (strong).

Vanquished Creatures
  Maggie (D:7)
  Prince Ribbit (D:7)
  A shadow (D:10)
  A steam dragon (D:7)
  3 water moccasins
  4 orc warriors (Bailey)
  2 black bears
  An ice beast (D:6)
  2 centaurs
  An ogre (Orc:1)
  2 phantoms
  3 bullfrogs
  2 scorpions
  5 wights
  4 killer bees (D:10)
  A howler monkey (D:6)
  3 hounds
  A gnoll bouda (D:7)
  4 iguanas
  4 orc wizards
  A gnoll (D:7)
  10 adders
  2 river rats (D:4)
  A shadow imp (D:6)
  A white imp (D:7)
  4 dart slugs
  21 orcs
  2 endoplasms (D:1)
  14 giant cockroaches
  9 hobgoblins
  2 jackals (D:5)
  6 quokkas
  6 ball pythons
  7 bats
  3 frilled lizards
  11 goblins
  A goblin zombie (D:7)
  17 kobolds
  A quokka zombie (D:7)
  11 rats
176 creatures vanquished.

Vanquished Creatures (others)
  2 gnolls (D:7)
  4 fungi (D:8)
  2 plants (D:8)
8 creatures vanquished.

Grand Total: 184 creatures vanquished

Notes
Turn   | Place    | Note
-------+----------+-------------------------------------------
     0 | D:1      | Acheron the Minotaur Enchanter began the quest for the Orb.
     0 | D:1      | Reached XP level 1. HP: 14/14 MP: 1/1
   246 | D:1      | Reached skill level 1 in Fighting
   246 | D:1      | Reached XP level 2. HP: 18/23 MP: 3/3
   803 | D:1      | Reached XP level 3. HP: 26/28 MP: 4/4
   816 | D:1      | Found a faded altar of an unknown god.
  1223 | D:2      | Identified the +7 mace "Taqiarath" {vorpal, *Rage Fly rF+
                  | Str+2}
  1327 | D:2      | Found a sacrificial altar of Ru.
  1809 | D:3      | Noticed a black bear
  1834 | D:2      | Reached XP level 4. HP: 35/35 MP: 5/5
  2080 | D:5      | Entered Level 5 of the Dungeon
  2202 | D:3      | Found a basalt altar of Yredelemnul.
  2209 | D:3      | Reached XP level 5. HP: 8/41 MP: 6/6
  2653 | D:3      | Learned a level 1 spell: Beastly Appendage
  2663 | D:3      | Reached skill level 1 in Maces & Flails
  2791 | D:3      | Found an opulent altar of Gozag.
  3549 | D:5      | Found a shadowy altar of Dithmenos.
  3562 | D:5      | Reached skill level 1 in Throwing
  3562 | D:5      | Reached XP level 6. HP: 48/48 MP: 7/7
  3573 | D:5      | Reached skill level 1 in Armour
  3749 | D:5      | Found a hazy altar of Hepliaklqana.
  3803 | D:5      | Noticed an ice beast
  4025 | D:5      | Reached skill level 1 in Transmutations
  4180 | D:6      | Reached XP level 7. HP: 56/56 MP: 8/8
  4440 | D:7      | Reached skill level 1 in Axes
  4613 | D:7      | Found a flagged portal.
  4653 | Bailey   | Entered a bailey
  4724 | Bailey   | Reached XP level 8. HP: 24/63 MP: 9/9
  5481 | D:7      | Noticed Maggie
  5492 | D:7      | Found a staircase to the Ecumenical Temple.
  5515 | D:7      | Reached skill level 5 in Dodging
  5615 | Temple   | Entered the Ecumenical Temple
  5772 | Temple   | Became a worshipper of Nemelex Xobeh the Trickster
  6014 | D:7      | Killed Maggie
  6015 | D:7      | Reached skill level 5 in Armour
  6884 | D:7      | Noticed Prince Ribbit
  6893 | D:7      | Killed Prince Ribbit
  6894 | D:7      | Reached XP level 9. HP: 53/72 MP: 10/10
  7058 | D:7      | Found a sacrificial altar of Ru.
  7131 | D:6      | Reached skill level 1 in Invocations
  7180 | D:6      | Found Neub's Serpentskin Sales.
  7191 | D:6      | Reached skill level 5 in Fighting
  7280 | D:6      | Reached skill level 5 in Stealth
  7592 | D:7      | Reached skill level 5 in Maces & Flails
  7864 | D:10     | Entered Level 10 of the Dungeon
  7881 | D:10     | Reached * piety under Nemelex Xobeh
  8027 | D:10     | Reached skill level 5 in Axes
  8027 | D:10     | Found a staircase to the Orcish Mines.
  8063 | Orc:1    | Entered Level 1 of the Orcish Mines
  8104 | Orc:1    | Noticed a troll
  8108 | Orc:1    | Noticed a troll
  8124 | Orc:2    | Entered Level 2 of the Orcish Mines
  8124 | Orc:2    | Noticed an orc knight
  8131 | Orc:1    | Mangled by an orc warrior

Illustrated notes

Levels and vault maps discovered:
D:1:      dpeg_arrival_arbitrary_c, layout_loops_ring,
          ebering_ecumenical_altar_webs, minmay_hedge_maze,
          minmay_misc_feat_square, minmay_misc_feat_rows, minmay_box_of_dots
D:2:      layout_basic, basic_altar
D:3:      minmay_roachtagon, layout_basic, mainiacjoe_overflow_alcove_1,
          mainiacjoe_overflow_chevrons, yredelemnul_altar_generic,
          minmay_divided_ellipse
D:4:      layout_loops_ring, portal_sewer_entry_e, minmay_checkerbox
D:5:      layout_basic, grunt_dithmenos_smoke, mainiacjoe_overflow_boulevard
D:6:      layout_gridville, minmay_misc_feat_iff, guppyfry_shop_venom
D:7:      layout_basic, nicolae_ru_awakened_eye, minmay_temple_entry_arrows,
          enter_ossuary_4, enter_bailey_4, uniq_prince_ribbit1, uniq_maggie
D:8:      layout_rooms, grunt_lair_entry_orc_guard_hut, uniq_pikel
D:9:      cheibrodos_ideogram_h, layout_long_grid, mainiacjoe_overflow_brackets,
          kennysheep_small_square
D:10:     layout_cave_pods, lemuel_coloured_pillars_altar, orc_0_dummy
D:11:     layout_basic, minivault_8
Temple:   nicolae_temple_bog_church
Orc:1:    layout_caves, minmay_orc_treasury, uniq_josephine
Orc:2:    grunt_orc_tribal_feast, layout_diamond_mine, basic_altar

Skill      XL: |  1  2  3  4  5  6  7  8  9 |
---------------+----------------------------+-----
Fighting       | 1 2 3 4 5 |  5.4
Stealth        | 3 4 5 |  5.2
Dodging        | 3 4 5 6 |  6.3
Maces & Flails | 1 2 4 5 |  5.2
Short Blades   | 2 3 |  3.1
Throwing       | 1 2 3 |  3.8
Armour         | 2 3 5 6 |  6.5
Transmutations | 1 2 |  2.3
Axes           | 1 3 5 |  5.3
Invocations    | 2 |  2.1
Spellcasting   | |  1.7
Hexes          | |  2.1
Evocations     | |  0.3

Action                   |  1- 3 |  4- 6 |  7- 9 || total
-------------------------+-------+-------+-------++-------
Melee: Dagger            |    91 |   202 |    81 ||   374
       Headbutt          |    10 |    33 |    43 ||    86
       Punch             |       |     5 |     2 ||     7
       Mace              |       |     2 |    66 ||    68
       War axe           |       |       |    73 ||    73
Throw: Boomerang         |       |       |     5 ||     5
 Cast: Beastly Appendage |       |     1 |       ||     1
  Use: Scroll            |     7 |     4 |     8 ||    19
       Potion            |       |       |     6 ||     6
 Stab: Sleeping          |    10 |     5 |     2 ||    17
       Distracted        |       |     1 |       ||     1
Armor: Robe              |    23 |       |       ||    23
       Leather armour    |     4 |    47 |       ||    51
       Ring mail         |       |    19 |    36 ||    55
       Swamp dragon scal |       |       |    59 ||    59
Dodge: Dodged            |    65 |   115 |   165 ||   345
